 Dungeon Crawl Stone Soup version 0.18.1-48-g4cf74bf (webtiles) character file.

112 JustSomeDude the Grave Robber (level 4, -3/30 HPs)
             Began as a Demonspawn Necromancer on July 26, 2016.
             Killed from afar by Natasha (5 damage)
             ... with a magic dart
             ... on level 3 of the Dungeon.
             The game lasted 00:14:01 (3131 turns).

JustSomeDude the Grave Robber (DsNe)                Turns: 3131, Time: 00:14:02

Health: -3/30      AC:  2    Str:  8    XL:     4   Next: 63%
Magic:  2/8        EV: 14    Int: 17    God:
Gold:   32         SH:  0    Dex: 14    Spells: 2 memorised, 4 levels left

rFire  . . .     SeeInvis .     (no weapon)
rCold  + . .     Gourm    .     a - +0 robe
rNeg   . . .     Faith    .     (no shield)
rPois  .         Spirit   .     (no helmet)
rElec  .         Dismiss  .     (no cloak)
rCorr  .         Reflect  .     (no gloves)
SustAt .         Harm     .     (no boots)
MR     .....                    (no amulet)
Stlth  ++........               (no ring)
                                (no ring)

@: lethally poisoned (-3 -> -13), not resistant to hostile enchantments,
unstealthy
A: repulsion field 1, cold resistance 1
a: no special abilities


You were on level 3 of the Dungeon.
You were not hungry.

You visited 1 branch of the dungeon, and saw 3 of its levels.

You collected 32 gold pieces.

Inventory:

Armour
 a - a +0 robe (worn)
Scrolls
 h - 3 scrolls of teleportation {unknown}
 i - a scroll of fear {unknown}
 j - a scroll of magic mapping {unknown}
 k - a scroll of remove curse
 l - 3 scrolls of identify {unknown}
 m - a scroll of noise {unknown}
Potions
 d - a potion of berserk rage {unknown}
 e - 2 potions of heal wounds {unknown}
 g - a potion of agility {unknown}
Books
 b - a book of Necromancy

   Spells                             Type                      Level
   a - Pain                           Necromancy                   1
   b - Animate Skeleton               Necromancy                   1
   c - Vampiric Draining              Necromancy                   3
   d - Regeneration                   Charms/Necromancy            3
   e - Animate Dead                   Necromancy                   4
   f - Control Undead                 Necromancy                   4
Comestibles
 c - 2 bread rations
 f - 2 meat rations
 n - a chunk of flesh


   Skills:
 * Level 2.0 Dodging
 * Level 2.0 Stealth
 + Level 3.3 Spellcasting
 + Level 5.5 Necromancy


You had 4 spell levels left.
You knew the following spells:

 Your Spells              Type           Power        Failure   Level  Hunger
a - Pain                  Necr           ###.         1%          1    None
b - Animate Dead          Necr           N/A          21%         4    ####...


Dungeon Overview and Level Annotations

Branches:
Dungeon (3/15)

Altars:

Annotations:
D:3 Natasha


Innate Abilities, Weirdness & Mutations

You are surrounded by a mild repulsion field (EV +2).
Your flesh is cold resistant.


Message History

The magic dart hits you!
Natasha mumbles some strange words.
The adder bites you.
* * * LOW HITPOINT WARNING * * *
You are poisoned.
The adder poisons you!
* * * LOW HITPOINT WARNING * * *
You feel sick.
* * * LOW HITPOINT WARNING * * *
You feel sick.
The shadow imp disappears for a moment.
The adder bites you.
* * * LOW HITPOINT WARNING * * *
You are more poisoned.
The adder poisons you!
* * * LOW HITPOINT WARNING * * *
You feel sick. Natasha casts a spell at you. The magic dart hits you!
You die...

#################
#..............<###########
#######.#........................
#...........h....................
#.......#..5.5S.@................
#(.......5K########.###..........
#.......o................##......
#..........#.............##.....#
...(.......#.............##......
...................$.....##......
.(.....(.........................
.......#.........................
................................#


You could see Natasha, an adder, a white imp, 2 shadow imps and a kobold.

Vanquished Creatures
  Ijyb (D:2)
  3 adders
  A worm (D:2)
  A dart slug (D:1)
  3 bats
  4 giant cockroaches
  10 goblins
  A hobgoblin (D:2)
  5 jackals
  7 kobolds
  A quokka (D:2)
  2 ball pythons (D:1)
  2 giant newts
  13 rats
54 creatures vanquished.

Notes
Turn   | Place    | Note
--------------------------------------------------------------
     0 | D:1      | JustSomeDude the Demonspawn Necromancer began the quest for the Orb.
     0 | D:1      | Reached XP level 1. HP: 13/13 MP: 3/3
   612 | D:1      | Gained mutation: You are surrounded by a mild repulsion field (EV +2). [demonic ancestry]
   612 | D:1      | Reached XP level 2. HP: 18/19 MP: 1/5
   798 | D:1      | Reached skill level 5 in Necromancy
  1668 | D:1      | Reached XP level 3. HP: 24/24 MP: 4/6
  2329 | D:2      | HP: 1/24 [worm (10)]
  2620 | D:2      | Gained mutation: Your flesh is cold resistant. [demonic ancestry]
  2620 | D:2      | Reached XP level 4. HP: 30/30 MP: 6/8
  2766 | D:2      | Noticed Ijyb
  2775 | D:2      | Killed Ijyb
  2839 | D:2      | Learned a level 4 spell: Animate Dead
  3111 | D:3      | Noticed Natasha
  3131 | D:3      | Killed from afar by Natasha

Skill      XL: |  1  2  3  4 |
---------------+-------------+-----
Necromancy     | 5 |  5.5
Spellcasting   | 3 |  3.3
Dodging        | 2 |  2.0
Stealth        | 2 |  2.0

Action                   |  1- 3 |  4- 6 || total
-------------------------+-------+-------++-------
Melee: Unarmed           |     8 |       ||     8
 Cast: Pain              |    70 |    34 ||   104
  Use: Scroll            |       |     1 ||     1
  Eat: Chunk             |     5 |     2 ||     7
Armor: Robe              |     3 |       ||     3
Dodge: Dodged            |    21 |     8 ||    29
